 Dungeon Sprint DCSS version 0.22-a0-322-g60b3cfd (webtiles) character file.

12083 emperorscorpion the Swashbuckler (level 11, -19/107 HPs)
             Began as a Minotaur Gladiator on Apr 6, 2018.
             Was an Elder of Uskayaw.
             Demolished by an orc knight
             ... wielding a +0 great mace
              (30 damage)
             ... in the Dungeon (Sprint IX: "|||||||||||||||||||||||||||||").
             The game lasted 00:09:20 (2001 turns).

emperorscorpion the Swashbuckler (MiGl)             Turns: 2001, Time: 00:09:21

Health: -19/107    AC: 21    Str: 22    XL:     11   Next: 57%
Magic:  19/20      EV: 14    Int:  5    God:    Uskayaw [****..]
Gold:   1175       SH:  0    Dex: 15    Spells: 10/10 levels left

rFire    + . .     SeeInvis .   x - +1 short sword (vamp)
rCold    . . .     Gourm    .   (no shield)
rNeg     . . .     Faith    .   b - +3 chain mail {rF+}
rPois    .         Spirit   .   c - +0 hat
rElec    .         Reflect  .   D - +0 cloak
rCorr    .         Harm     .   p - +0 pair of gloves
MR       .....     NoTele   +   t - +0 pair of boots
Stlth    +.........             (no amulet)
HPRegen  0.27/turn              v - +3 ring of strength
MPRegen  0.17/turn              w - +2 ring of protection

@: no status effects
A: retaliatory headbutt, horns 2
a: Stomp, Line Pass, Renounce Religion


You were in the Dungeon.
You worshipped Uskayaw.
Uskayaw was pleased with you.
You were not hungry.

You visited 1 branch You collected 1175 gold pieces.

Inventory:

Hand Weapons
 a - a +2 rapier of draining
 l - a +2 scimitar of flaming
 r - a +0 rapier
 x - a +1 vampiric short sword (weapon)
Missiles
 d - 3 throwing nets (quivered)
Armour
 b - a +3 chain mail of fire resistance (worn)
 c - a +0 hat (worn)
 p - a +0 pair of gloves (worn)
 s - a +0 helmet
 t - a +0 pair of boots (worn)
 u - a +0 plate armour
 D - a +0 cloak (worn)
Magical Staves
 q - an uncursed staff of energy
Jewellery
 v - a +3 ring of strength (left hand)
 w - a +2 ring of protection (right hand)
Scrolls
 k - 3 scrolls of blinking
 n - 4 scrolls of remove curse
 o - 2 scrolls of amnesia
 B - a scroll of identify
 C - 2 scrolls of fog
Potions
 e - 5 potions of curing
 g - 5 potions of heal wounds
 h - a potion of haste
 i - 4 potions of magic
 j - a potion of berserk rage
 m - a potion of mutation
 z - a potion of brilliance
 A - a potion of lignification
Miscellaneous
 y - a fan of gales (inert)
Comestibles
 f - 9 rations


   Skills:
 + Level 13.5 Fighting
 + Level 15.8 Short Blades
 + Level 4.4 Throwing
 + Level 11.7 Armour
 + Level 10.5 Dodging
 + Level 8.0 Stealth
 * Level 14.5 Invocations
 + Level 4.4 Evocations


You had 10 spell levels left.
You didn't know any spells.

Dungeon Overview and Level Annotations

Branches:
Dungeon (1/1)

Altars:
Cheibriados
Dithmenos
Elyvilon
Fedhas
Gozag
Hepliaklqana
Kikubaaqudgha
Makhleb
Nemelex Xobeh
Okawaru
Qazlal
Ru
Sif Muna
Trog
Uskayaw
Vehumet
Wu Jian
Xom
Yredelemnul
Zin
The Shining One
Beogh
Jiyva
Lugonu

Shops:
D *


Innate Abilities, Weirdness & Mutations

You reflexively headbutt those who attack you in melee.
You have a pair of horns on your head.


Message History

The orc knight misses you.
You barely miss the orc knight. Your headbutt misses the orc knight.
The orc knight is moderately wounded.
Unknown command.
You closely miss the orc knight. Your headbutt misses the orc knight.
The orc knight is moderately wounded.
The orc knight is no longer paralysed.
Unknown command.
You hit the orc knight.
The orc knight is moderately wounded.
The orc knight misses you. You furiously retaliate!
You headbutt the orc knight, but do no damage.
You hit the orc knight. You headbutt the orc knight.
The orc knight is heavily wounded.
The orc knight no longer looks unusually strong.
The orc knight is no longer sharing its pain.
You hit the orc knight but do no damage.
The orc knight is heavily wounded.
The orc knight hits you with a great mace!!
You die...

▓.▓.▓.▓.▓
▓.▓.▓.▓.▓4▓
▓)▓.▓.▓.▓$▓
▓.▓.▓.▓.▓o▓
▓.▓.▓.▓.▓o▓
▓.▓.▓.▓(▓o▓
▓'▓.▓†▓.▓o▓
▓_▓.▓.▓.▓o▓
▓_▓.▓.▓.▓@▓
▓_▓.▓.▓.▓.▓
▓_▓.▓.▓.▓.▓
▓_▓.▓.▓.▓)▓
▓_▓.▓.▓.▓)▓
▓_▓)▓÷▓.▓)▓
▓_▓.▓†▓.▓.▓
▓_▓.▓†▓.▓)▓
▓_▓.▓'▓.▓)▓


You could see 4 orc knights, an orc high priest and a rust devil.

Vanquished Creatures
  A stone giant (D)
  4 hydras (D)
  Urug (D)
  An orc high priest (D)
  A skeletal warrior (D)
  2 orc knights (D)
  A deep elf mage (D)
  2 spiny frogs (D)
  A rime drake (D)
  4 komodo dragons (D)
  3 tyrant leeches (D)
  4 blink frogs (D)
  A hippogriff (D)
  Eustachio (D)
  A vampire mosquito (D)
  A porcupine (D)
  A water moccasin (D)
  A black bear (D)
  An ice beast (D)
  9 orc warriors (D)
  A centaur (D)
  2 crocodiles (D)
  A bullfrog (D)
  2 crimson imps (D)
  3 hounds (D)
  An orc priest (D)
  An iguana (D)
  An orc wizard (D)
  A worker ant (D)
  An adder (D)
  2 dart slugs (D)
  13 orcs (D)
  A goblin (D)
  A kobold (D)
  A bat (D)
  A giant cockroach zombie (D)
  A quokka zombie (D)
75 creatures vanquished.

Notes
Turn   | Place    | Note
-------+----------+-------------------------------------------
     0 | D        | emperorscorpion the Minotaur Gladiator began the quest for the Orb.
     0 | D        | Reached XP level 1. HP: 18/18 MP: 0/0
    15 | D        | Reached skill level 4 in Short Blades
    21 | D        | Reached XP level 2. HP: 21/25 MP: 1/1
    26 | D        | Noticed a crimson imp
    36 | D        | Killed a crimson imp
    36 | D        | Reached skill level 5 in Short Blades
    36 | D        | Reached skill level 1 in Armour
    36 | D        | Reached skill level 5 in Dodging
    36 | D        | Reached XP level 3. HP: 21/33 MP: 2/2
    38 | D        | Reached skill level 6 in Short Blades
    42 | D        | Reached XP level 4. HP: 13/40 MP: 3/3
    47 | D        | Reached skill level 7 in Short Blades
    65 | D        | Found a roughly hewn altar of Beogh.
    65 | D        | Found a snail-covered altar of Cheibriados.
    65 | D        | Found a shadowy altar of Dithmenos.
    65 | D        | Found a white marble altar of Elyvilon.
    65 | D        | Found a blossoming altar of Fedhas.
    65 | D        | Found an opulent altar of Gozag.
    66 | D        | Found a hazy altar of Hepliaklqana.
    67 | D        | Found a viscous altar of Jiyva.
    68 | D        | Found an ancient bone altar of Kikubaaqudgha.
    69 | D        | Found a corrupted altar of Lugonu.
    70 | D        | Found a burning altar of Makhleb.
    71 | D        | Found a sparkling altar of Nemelex Xobeh.
    72 | D        | Found an iron altar of Okawaru.
    73 | D        | Found a stormy altar of Qazlal.
    74 | D        | Found a sacrificial altar of Ru.
    75 | D        | Found a deep blue altar of Sif Muna.
    76 | D        | Found a bloodstained altar of Trog.
    77 | D        | Found a hide-covered altar of Uskayaw.
    78 | D        | Found a radiant altar of Vehumet.
    79 | D        | Found an ornate altar of the Wu Jian Council.
    80 | D        | Found a shimmering altar of Xom.
    81 | D        | Found a basalt altar of Yredelemnul.
    82 | D        | Found a glowing silver altar of Zin.
    83 | D        | Found a glowing golden altar of the Shining One.
    85 | D        | Became a worshipper of Uskayaw the Reveler
   370 | D        | Noticed an ice beast
   377 | D        | Reached * piety under Uskayaw
   378 | D        | Reached skill level 5 in Fighting
   378 | D        | Reached skill level 1 in Invocations
   379 | D        | Reached ** piety under Uskayaw
   382 | D        | Reached *** piety under Uskayaw
   383 | D        | Killed an ice beast
   383 | D        | Reached skill level 8 in Short Blades
   383 | D        | Reached XP level 5. HP: 50/50 MP: 3/6
   384 | D        | Reached **** piety under Uskayaw
   408 | D        | Reached skill level 1 in Stealth
   408 | D        | Reached XP level 6. HP: 55/57 MP: 5/7
   417 | D        | Noticed a skeletal warrior
   417 | D        | Noticed a deep elf mage
   420 | D        | Reached skill level 9 in Short Blades
   425 | D        | Killed a deep elf mage
   425 | D        | Reached skill level 10 in Short Blades
   425 | D        | Reached skill level 5 in Armour
   425 | D        | Reached skill level 5 in Invocations
   425 | D        | Reached XP level 7. HP: 54/67 MP: 6/10
   432 | D        | Reached ***** piety under Uskayaw
   442 | D        | Killed a skeletal warrior
   442 | D        | Reached skill level 11 in Short Blades
   442 | D        | Reached XP level 8. HP: 42/77 MP: 4/12
   478 | D        | Noticed Eustachio
   489 | D        | Killed Eustachio
   489 | D        | Reached skill level 12 in Short Blades
   558 | D        | Noticed a six-headed hydra
   558 | D        | Noticed a komodo dragon
   558 | D        | Noticed a komodo dragon
   558 | D        | Noticed a spiny frog
   558 | D        | Noticed a spiny frog
   558 | D        | Noticed a four-headed hydra
   560 | D        | Killed a spiny frog
   561 | D        | Noticed a komodo dragon
   562 | D        | Killed a four-headed hydra
   562 | D        | Reached skill level 10 in Fighting
   562 | D        | Reached skill level 13 in Short Blades
   562 | D        | Reached skill level 1 in Evocations
   562 | D        | Reached XP level 9. HP: 47/85 MP: 12/14
   564 | D        | Killed a spiny frog
   564 | D        | Reached skill level 10 in Dodging
   564 | D        | Killed a komodo dragon
   564 | D        | Reached skill level 5 in Stealth
   565 | D        | Killed a komodo dragon
   565 | D        | Killed a komodo dragon
   565 | D        | Reached skill level 14 in Short Blades
   571 | D        | Killed a six-headed hydra
   571 | D        | Reached XP level 10. HP: 41/96 MP: 13/16
   574 | D        | Reached ****** piety under Uskayaw
   586 | D        | Noticed an eight-headed hydra
   590 | D        | Reached skill level 10 in Invocations
   591 | D        | Killed an eight-headed hydra
   591 | D        | Reached skill level 10 in Armour
   833 | D        | Noticed a six-headed hydra
   837 | D        | Reached skill level 15 in Short Blades
   842 | D        | Killed a six-headed hydra
  1058 | D        | Reached XP level 11. HP: 79/105 MP: 10/19
  1163 | D        | Noticed Urug
  1259 | D        | Killed Urug
  1352 | D        | Noticed a stone giant
  1360 | D        | Killed a stone giant
  1635 | D        | Noticed an orc high priest
  1651 | D        | Noticed an orc knight
  1655 | D        | Killed an orc knight
  1670 | D        | Killed an orc high priest
  1972 | D        | Found Izater's Assorted Antiques.
  1972 | D        | Noticed an orc knight
  1972 | D        | Noticed an orc knight
  1972 | D        | Noticed an orc knight
  1972 | D        | Noticed an orc knight
  1972 | D        | Noticed an orc knight
  1974 | D        | Noticed an orc high priest
  1992 | D        | Killed an orc knight
  1994 | D        | HP: 1/107 [orc knight/great mace (23)]
  2001 | D        | Demolished by an orc knight

Vault maps used:
D:        linesprint

Skill      XL: |  1  2  3  4  5  6  7  8  9 10 11 |
---------------+----------------------------------+-----
Short Blades   | 4 5 6 8 10 11 13 14 15 | 15.8
Dodging        | 4 5 7 9 10 | 10.5
Fighting       | 3 4 5 6 7 8 10 11 12 13 | 13.5
Armour         | 1 3 4 5 6 8 9 10 11 | 11.7
Throwing       | 3 4 |  4.4
Invocations    | 3 5 7 8 9 12 14 | 14.5
Stealth        | 1 2 4 5 7 8 |  8.0
Evocations     | 1 2 3 4 |  4.4

Action                   |  1- 3 |  4- 6 |  7- 9 | 10-12 || total
-------------------------+-------+-------+-------+-------++-------
Melee: Rapier            |    31 |    42 |    28 |   101 ||   202
       Headbutt          |     4 |     2 |     3 |    35 ||    44
       Short sword       |       |       |       |    74 ||    74
Throw: Throwing net      |       |       |       |     3 ||     3
Invok: Line Pass         |       |       |     1 |     1 ||     2
       Grand Finale      |       |       |       |     3 ||     3
       Stomp             |       |       |       |     4 ||     4
Evoke: Wand              |       |     1 |     6 |     3 ||    10
       Fan of gales      |       |       |       |     2 ||     2
  Use: Potion            |       |     1 |       |     4 ||     5
 Stab: Paralysed         |       |     1 |     3 |     7 ||    11
       Invisible         |       |       |     2 |       ||     2
  Eat: Chunk             |       |       |       |     5 ||     5
       Ration            |       |       |       |     2 ||     2
Armor: Leather armour    |     2 |       |       |       ||     2
       Plate armour      |       |    12 |    11 |    23 ||    46
       Chain mail        |       |       |       |    13 ||    13
Dodge: Dodged            |    15 |    18 |    13 |    54 ||   100

Table legend:
 A = Spawn XP
 B = Non-spawn XP
 C = Spawn XP percentage of total XP
 D = Spawn monster count
 E = Non-spawn monster count
 F = Spawn count percentage of total count
 G = Total turns spent on level
                    A         B        C        D         E        F      G
               +---------+---------+-------+---------+---------+-------+---------
         Total |       0 |   17262 |   0.0 |       0 |      75 |   0.0 |  2001
               +---------+---------+-------+---------+---------+-------+---------
             D |       0 |   17262 |   0.0 |       0 |      75 |   0.0 |  2001
               +---------+---------+-------+---------+---------+-------+---------
